Map: 2000 Atmosphären LE

Players

Cheater-1 (Extrem) - Winner!

  • Race: Zerg Zerg

Luca

  • Race: Terran Terran

VOD

Have the link to the VOD?

Description

Time

  • Played on: March 14, 2022, 6:06 a.m.
  • Length: 22:35
Show
View Real Time Build Order
Export as new Build Order

Cheater-1 (Extrem) Zerg - Winner!

Build Orders: Hatch First 

Get SALT Encoding   

  12  0:00  Drone  
  13  0:11  Overlord  
  13  0:15  Drone  
  14  0:29  Drone x2  
  14  0:33  Drone  
  17  0:46  Hatchery  
  17  0:48  Drone  
  17  1:00  Spawning Pool  
  17  1:01  Extractor  
  17  1:03  Drone  
  16  1:06  Drone  
  17  1:16  Drone  
  18  1:26  Drone  
  19  1:37  Overlord  
  19  1:48  Drone, Queen  
  22  1:57  Queen  
  22  1:58  Drone, Zergling x2  
  22  2:00  Roach Warren  
  25  2:01  Extractor  
  24  2:08  Drone  
  24  2:09  Drone  
  26  2:19  Drone  
  26  2:20  Overlord  
  27  2:30  Drone  
  27  2:31  Drone  
  29  2:40  Drone  
  29  2:41  Drone  
  31  2:51  Drone  
  31  2:52  Zergling x2  
  31  2:55  Drone, Roach, Zergling x2  
  31  2:57  Lair  
  37  3:02  Overlord  
  37  3:04  Roach  
  37  3:05  Drone, Roach x2  
  44  3:16  Overlord  
  44  3:20  Drone  
  44  3:24  Drone  
  44  3:25  Drone  
  47  3:33  Drone x3  
  50  3:35  Drone  
  50  3:36  Drone x3, Zergling x2  
  55  3:47  Drone, Zergling x2  
  57  3:58  Overlord, Zergling x2  
  57  3:59  Infestation Pit  
  57  4:01  Overlord, Hydralisk Den  
  57  4:02  Drone x2  
  58  4:07  Overlord, Drone  
  58  4:08  Drone  
  60  4:14  Overlord  
  60  4:16  Roach  
  62  4:20  Roach x2  
  66  4:30  Overlord, Drone, Hydralisk  
  66  4:31  Roach, Hydralisk  
  71  4:32  Evolution Chamber  
  71  4:35  Evolution Chamber  
  71  4:37  Hive  
  71  4:39  Overlord, Drone, Hydralisk  
  71  4:42  Overlord, Drone  
  75  4:52  Infestor  
  75  4:53  Zergling x2  
  78  5:01  Infestor  
  78  5:02  Drone, Zergling x2  
  78  5:03  Overlord  
  78  5:04  Zergling x2  
  83  5:10  Infestor, Zergling x2  
  83  5:11  Zergling x2  
  87  5:15  Infestor, Zergling x2  
  90  5:25  Spore Crawler  
  90  5:26  Overlord, Drone  
  90  5:28  Spore Crawler  
  89  5:34  Overlord, Drone, Hydralisk  
  92  5:47  Overlord, Overseer  
  92  5:51  Drone, Hatchery  
  92  5:54  Ultralisk Cavern  
  92  5:55  Drone  
  92  6:27  Metabolic Boost  
  92  6:28  Drone x2, Queen x2  
  92  6:30  Extractor  
  97  6:33  Drone, Baneling Nest  
  97  6:34  Evolution Chamber  
  97  6:35  Drone  
  97  6:36  Spine Crawler  
  97  6:37  Drone  
  97  6:38  Spine Crawler, Hatchery, Drone  
  97  6:39  Drone  
  97  6:40  Zerg Melee Weapons Level 1, Extractor  
  97  6:42  Drone, Ultralisk  
  103  6:52  Drone x3  
  106  7:02  Drone, Ultralisk  
  106  7:03  Drone x2  
  115  7:10  Zerg Missile Weapons Level 1  
  115  7:16  Baneling, Spore Crawler, Drone  
  115  7:17  Baneling x4  
  115  7:18  Baneling, Spore Crawler, Drone  
  115  7:19  Baneling  
  115  7:21  Baneling, Spine Crawler  
  115  7:22  Baneling, Drone  
  115  7:24  Baneling  
  115  7:25  Baneling  
  115  7:27  Baneling  
  115  7:29  Baneling  
  115  7:30  Baneling  
  115  7:32  Baneling  
  115  7:33  Baneling  
  115  7:35  Baneling  
  115  7:36  Baneling  
  115  7:38  Baneling  
  115  7:39  Baneling  
  115  7:47  Centrifugal Hooks  
  115  7:50  Drone x2  
  115  7:51  Drone x3  
  118  7:52  Drone x5  
  118  7:53  Drone x4  
  118  7:54  Drone x4  
  118  7:55  Drone  
  118  7:56  Zerg Ground Armor Level 1  
  118  7:57  Extractor  
  133  8:00  Drone  
  133  8:01  Drone  
  133  8:03  Drone  
  136  8:06  Extractor, Hatchery  
  136  8:07  Drone x2, Roach  
  136  8:08  Spine Crawler, Ultralisk  
  136  8:09  Spine Crawler  
  136  8:10  Spine Crawler  
  136  8:11  Overlord, Spore Crawler  
  136  8:12  Drone  
  141  8:13  Spore Crawler  
  141  8:15  Drone x2  
  142  8:22  Drone x2  
  142  8:26  Pathogen Glands, Ultralisk  
  150  8:29  Overlord  
  150  8:33  Drone, Roach  
  153  8:34  Zerg Melee Weapons Level 2  
  153  8:35  Roach  
  153  8:40  Roach x3  
  161  8:43  Overseer  
  161  8:47  Overlord, Pneumatized Carapace  
  161  8:48  Spine Crawler  
  161  8:49  Drone  
  161  8:56  Glial Reconstitution  
  161  9:01  Roach x2  
  161  9:02  Chitinous Plating  
  165  9:04  Overseer  
  165  9:05  Overlord  
  165  9:08  Zerg Missile Weapons Level 2  
  165  9:12  Burrow  
  165  9:15  Roach  
  167  9:18  Queen, Drone x2  
  167  9:19  Ultralisk  
  167  9:23  Neural Parasite  
  167  9:24  Overlord  
  177  9:26  Roach x2  
  177  9:28  Extractor, Hatchery  
  177  9:29  Drone x2, Ultralisk  
  187  9:31  Roach  
  187  9:32  Spine Crawler  
  187  9:33  Drone, Extractor  
  187  9:34  Drone, Infestor  
  187  9:37  Zergling x2  
  192  9:40  Infestor  
  194  9:46  Zergling x4  
  194  9:47  Adrenal Glands, Zergling x2  
  194  9:52  Zergling x4  
  199  9:55  Zerg Ground Armor Level 2  
  199  9:58  Zergling x2  
  200  10:01  Spine Crawler, Drone  
  200  10:03  Spine Crawler  
  200  10:04  Drone  
  200  10:05  Spine Crawler, Drone  
  200  10:06  Roach  
  200  10:07  Roach x3, Zergling x2  
  200  10:08  Baneling, Spine Crawler  
  200  10:09  Drone  
  200  10:10  Baneling x2, Zergling x2  
  200  10:11  Viper  
  200  10:13  Baneling x2, Spore Crawler, Zergling x2, Drone  
  200  10:14  Hydralisk  
  190  10:18  Ultralisk  
  190  10:20  Baneling, Zergling x2  
  167  10:23  Ultralisk  
  167  10:24  Hydralisk  
  167  10:26  Hydralisk  
  167  10:27  Roach, Hydralisk  
  151  10:29  Roach x2  
  151  10:30  Baneling, Roach  
  151  10:31  Baneling  
  151  10:35  Ultralisk  
  161  10:37  Zergling x4  
  161  10:38  Zergling x2  
  161  10:39  Spore Crawler  
  161  10:40  Queen, Drone  
  161  10:41  Baneling x2, Spore Crawler, Ultralisk, Zergling x2, Drone  
  161  10:42  Baneling, Zergling x2  
  174  10:43  Spore Crawler, Drone  
  174  10:44  Infestor  
  174  10:45  Spore Crawler  
  174  10:46  Drone, Spore Crawler  
  174  10:47  Drone  
  174  10:49  Extractor  
  175  10:50  Extractor, Hatchery  
  175  10:51  Zerg Melee Weapons Level 3, Drone x2  
  175  10:52  Drone, Roach  
  175  10:53  Roach  
  175  10:56  Infestor  
  180  10:57  Roach  
  180  11:01  Viper  
  180  11:04  Baneling x2, Zergling x2  
  188  11:11  Baneling x2, Tunneling Claws, Zergling x2  
  189  11:12  Spire, Drone  
  189  11:13  Roach x2  
  189  11:14  Roach  
  189  11:18  Spore Crawler, Drone  
  195  11:25  Zerg Missile Weapons Level 3  
  195  11:27  Baneling  
  195  11:28  Roach x2  
  195  11:29  Spine Crawler  
  195  11:30  Drone  
  195  11:31  Spine Crawler  
  195  11:32  Drone  
  199  11:33  Spine Crawler  
  199  11:34  Drone  
  199  11:35  Baneling x2, Zergling x2  
  199  11:36  Spine Crawler  
  199  11:37  Drone  
  200  11:44  Baneling  
  200  11:47  Baneling  
  200  12:12  Zerg Ground Armor Level 3, Extractor  
  200  12:13  Zergling x2  
  200  12:15  Spore Crawler  
  200  12:16  Drone x2, Hatchery  
  200  12:17  Spore Crawler, Drone  
  200  12:18  Roach  
  200  12:20  Spore Crawler, Drone  
  200  12:22  Spore Crawler, Drone  
  200  12:24  Roach  
  200  12:25  Drone, Extractor, Zergling x2  
  200  12:26  Drone  
  200  12:27  Zergling x10  
  200  12:28  Zergling x6  
  185  12:30  Queen, Roach x4  
  185  12:31  Baneling, Roach, Ultralisk, Zergling x2  
  185  12:32  Baneling, Ultralisk  
  185  12:33  Roach  
  185  12:35  Roach  
  196  12:37  Roach  
  196  12:39  Infestor, Roach x2  
  196  12:40  Ultralisk  
  196  12:42  Ultralisk  
  196  12:44  Baneling x3, Ultralisk x2  
  200  12:45  Baneling x2  
  200  12:49  Baneling  
  200  12:50  Baneling, Ultralisk  
  200  12:51  Spine Crawler  
  199  12:52  Drone  
  199  12:53  Hydralisk x2  
  199  12:54  Ultralisk  
  199  12:55  Spine Crawler, Hydralisk  
  199  12:56  Drone, Spine Crawler  
  199  12:58  Drone  
  200  12:59  Spine Crawler  
  200  13:00  Drone  
  200  13:02  Roach  
  200  13:06  Roach  
  200  13:12  Infestor  
  200  13:13  Zergling x2  
  200  13:14  Infestor, Hydralisk  
  200  13:17  Zergling x4  
  200  13:18  Infestor  
  200  13:19  Infestor  
  199  13:20  Zergling x2  
  199  13:21  Infestor, Zergling x2  
  199  13:23  Zergling x2  
  199  13:31  Baneling, Zergling x2  
  199  13:32  Baneling  
  200  13:39  Baneling x2  
  200  13:40  Extractor, Zergling x2  
  200  13:41  Baneling  
  200  13:43  Spore Crawler, Drone  
  200  13:45  Spore Crawler, Drone  
  200  13:48  Spore Crawler, Drone  
  200  13:49  Baneling  
  200  13:50  Spore Crawler  
  200  13:51  Drone  
  200  13:56  Baneling x2  
  200  13:58  Baneling, Drone, Extractor  
  200  14:05  Baneling x2  
  200  14:07  Baneling  
  200  14:12  Spine Crawler, Drone  
  200  14:15  Spine Crawler, Drone  
  200  14:17  Spine Crawler  
  200  14:18  Drone  
  200  14:21  Spine Crawler, Drone  
  200  14:54  Spore Crawler, Drone  
  200  14:56  Spore Crawler, Drone  
  200  15:00  Spore Crawler, Drone  
  200  15:05  Spore Crawler, Drone  
  200  15:15  Roach  
  200  15:20  Baneling  
  200  15:21  Ultralisk  
  200  15:27  Ultralisk  
  200  15:29  Roach x2  
  200  15:30  Roach  
  200  15:31  Drone, Zergling x4  
  200  15:32  Zergling x6  
  200  15:33  Roach x2, Zergling x2  
  200  15:34  Roach x3, Zergling x2  
  200  15:35  Roach, Zergling x2  
  198  15:36  Mutalisk, Roach, Zergling x4  
  198  15:37  Hydralisk  
  198  15:38  Queen, Roach x2  
  198  15:39  Roach x2, Ultralisk, Hydralisk  
  198  15:40  Spine Crawler, Roach, Ultralisk, Drone  
  198  15:41  Ultralisk x2  
  197  15:43  Roach  
  197  15:44  Ultralisk  
  197  15:47  Ultralisk  
  197  15:49  Baneling x2  
  197  15:50  Baneling, Hydralisk  
  197  15:51  Baneling, Spine Crawler  
  197  15:52  Baneling x2, Drone  
  197  15:58  Ultralisk  
  197  16:01  Spine Crawler  
  197  16:02  Drone  
  197  16:04  Spine Crawler  
  197  16:06  Drone  
  197  16:15  Zergling x2  
  198  16:19  Ultralisk, Hydralisk  
  198  16:22  Infestor, Zergling x2  
  198  16:25  Infestor x3  
  195  16:26  Zergling x4  
  195  16:27  Zergling x2  
  195  16:29  Zergling x2  
  195  16:30  Infestor  
  200  16:35  Spore Crawler  
  200  16:36  Drone  
  200  16:38  Baneling, Spore Crawler, Drone  
  199  16:41  Spore Crawler, Zergling x2  
  199  16:49  Spore Crawler  
  199  16:50  Baneling x2, Drone  
  199  17:01  Baneling  
  199  17:08  Baneling  
  199  17:21  Baneling  
  199  17:45  Ultralisk x2  
  199  17:46  Ultralisk  
  199  17:52  Baneling x2  
  199  17:57  Queen  
  199  18:15  Drone  
  199  18:17  Zergling x8  
  199  18:18  Roach, Zergling x6  
  199  18:20  Roach x2, Zergling x2  
  199  18:21  Roach x2  
  199  18:23  Zergling x2  
  199  18:25  Mutalisk  
  199  18:26  Mutalisk x2, Zergling x2  
  195  18:27  Infestor, Ultralisk x2  
  195  18:28  Ultralisk  
  198  18:40  Baneling, Zergling x2  
  198  18:41  Baneling x2, Zergling x2  
  200  18:52  Roach  
  200  19:03  Baneling  
  200  19:04  Baneling x3  
  200  19:06  Zergling x2  
  200  19:07  Zergling x2  
  200  19:08  Zergling x2  
  200  19:09  Roach  
  199  19:10  Roach  
  199  19:11  Zergling x2  
  199  19:15  Baneling  
  199  19:19  Baneling  
  199  19:21  Zergling x2  
  199  19:22  Zergling x2  
  199  19:24  Zergling x2  
  199  19:25  Zergling x2  
  199  19:27  Mutalisk, Roach, Zergling x2  
  199  19:28  Roach x2  
  199  19:29  Zergling x2  
  199  19:30  Roach x3  
  199  19:31  Roach x2  
  195  19:32  Hydralisk x2  
  195  19:33  Ultralisk, Hydralisk x2  
  195  19:36  Infestor  
  197  19:39  Infestor  
  197  19:45  Baneling x3, Zergling x4  
  198  19:46  Baneling  
  199  20:03  Queen  
  199  20:52  Roach  
  199  20:58  Roach  
  199  21:07  Zergling x10  
  199  21:08  Queen  
  199  21:09  Ultralisk  
  199  21:10  Infestor, Zergling x4  
  199  21:11  Ultralisk x2  
  200  21:12  Zergling x2  
  200  21:13  Roach  
  200  21:15  Ultralisk, Hatchery  
  200  21:17  Drone  
  200  21:34  Roach  
  200  21:38  Roach  
  200  21:42  Roach x2  
  200  21:47  Zergling x2  
  200  21:48  Roach x2, Zergling x4  
  200  21:49  Roach, Zergling x4  
  200  21:50  Zergling x6  
  200  21:51  Zergling x2  
  200  21:52  Roach, Ultralisk  
  200  21:53  Roach x5  
  200  21:54  Roach, Hydralisk  
  195  21:56  Roach  
  195  21:57  Infestor x2  
  195  22:00  Roach  
  195  22:01  Roach x2  
  195  22:02  Roach  
  200  22:08  Hydralisk  
  200  22:10  Roach x2  
  200  22:13  Roach  
Show
View Real Time Build Order
Export as new Build Order

Luca Terran 

Build Orders:  

Get SALT Encoding   

  12  0:00  SCV  
  13  0:12  SCV  
  14  0:16  Supply Depot  
  14  0:24  SCV  
  15  0:38  SCV  
  15  0:39  Barracks  
  16  0:44  Refinery  
  16  0:50  SCV  
  17  1:02  SCV  
  18  1:14  SCV  
  19  1:27  Orbital Command, Barracks Reactor  
  19  1:38  Command Center  
  19  1:46  Refinery  
  19  1:53  Supply Depot  
  19  1:54  SCV  
  20  2:05  Reaper x2  
  20  2:07  SCV  
  23  2:19  SCV  
  24  2:26  Factory  
  24  2:31  SCV  
  24  2:32  Barracks  
  25  2:39  Marine x2  
  25  2:43  SCV  
  28  2:51  Bunker  
  28  2:56  SCV  
  28  2:58  Orbital Command  
  29  3:01  Marine  
  29  3:04  Marine  
  31  3:08  SCV  
  32  3:16  Starport  
  32  3:18  Factory Tech Lab  
  32  3:22  Barracks Tech Lab  
  32  3:24  SCV  
  32  3:25  SCV  
  34  3:36  SCV  
  34  3:37  SCV, Siege Tank  
  32  3:41  Stimpack  
  39  3:45  Marine x2  
  41  3:49  SCV  
  41  3:55  Supply Depot, SCV  
  43  3:57  Viking  
  43  4:01  SCV  
  46  4:16  Siege Tank, SCV x2, Marine x2  
  53  4:19  Supply Depot  
  53  4:22  Marine  
  54  4:40  Medivac, Command Center, SCV x2  
  54  4:41  Supply Depot  
  54  4:43  Marine x2  
  61  4:52  SCV x2  
  62  5:01  Barracks  
  62  5:02  Marine x3  
  62  5:03  Supply Depot, Widow Mine  
  62  5:05  SCV  
  62  5:06  SCV  
  69  5:10  Supply Depot  
  69  5:18  SCV  
  69  5:20  Engineering Bay  
  70  5:22  Combat Shield  
  70  5:25  Medivac, Marine x3, Widow Mine  
  78  5:28  SCV  
  78  5:35  Supply Depot  
  78  5:36  Supply Depot, SCV  
  79  5:42  Marine x3  
  79  5:43  SCV  
  79  5:47  Widow Mine  
  85  5:53  Orbital Command, Barracks x2  
  85  5:54  SCV  
  85  5:55  Barracks Reactor  
  85  5:57  SCV  
  87  6:01  Supply Depot, Marine x3  
  90  6:04  Medivac  
  90  6:06  SCV  
  90  6:08  Widow Mine  
  95  6:12  SCV  
  95  6:14  Terran Infantry Weapons Level 1  
  95  6:15  Orbital Command  
  95  6:17  Refinery  
  96  6:18  Refinery  
  96  6:24  Marine x2  
  98  6:30  Widow Mine  
  98  6:31  Ghost Academy  
  98  6:32  SCV  
  101  6:33  SCV, Marine x3  
  105  6:42  Supply Depot  
  105  6:43  SCV  
  105  6:44  SCV  
  105  6:45  SCV  
  105  6:46  Marine  
  109  6:47  Barracks Tech Lab x2  
  109  6:49  Marine  
  109  6:51  Marine  
  109  6:52  Medivac  
  109  6:54  Widow Mine, Marine x2  
  116  6:55  SCV  
  116  6:56  SCV  
  116  6:57  SCV  
  120  7:01  Supply Depot  
  120  7:04  Barracks  
  120  7:07  SCV  
  121  7:08  Ghost, SCV  
  121  7:12  Marine x2  
  121  7:13  Ghost, Marine  
  121  7:15  SCV  
  130  7:19  SCV  
  130  7:20  SCV  
  132  7:23  Supply Depot, Armory  
  132  7:27  SCV, Refinery  
  133  7:30  Refinery  
  133  7:31  SCV  
  133  7:32  Marine x2  
  133  7:33  SCV  
  133  7:34  Ghost  
  133  7:36  Marine x2  
  141  7:39  Supply Depot  
  141  7:45  Widow Mine, Marine x2  
  141  7:50  Marine  
  146  7:54  Command Center  
  146  7:55  Barracks Tech Lab  
  146  7:56  Marine  
  146  7:57  Marine x2  
  149  8:02  Supply Depot, Ghost  
  149  8:03  Supply Depot  
  151  8:08  Widow Mine  
  151  8:09  Ghost x2  
  157  8:19  Terran Infantry Weapons Level 2, Supply Depot  
  157  8:20  Supply Depot, Marine x2  
  157  8:25  Marine x3  
  162  8:31  Ghost  
  162  8:34  Widow Mine, Drilling Claws  
  166  8:38  Marine x4  
  170  8:41  Barracks  
  170  8:43  Marine  
  170  8:44  Barracks  
  170  8:45  Barracks, Ghost  
  173  8:56  Ghost  
  173  9:01  Ghost  
  177  9:03  Marauder  
  179  9:11  Marine x2  
  179  9:15  Marauder  
  185  9:17  Widow Mine  
  185  9:18  Marine x2  
  185  9:21  Engineering Bay  
  187  9:25  Marauder x2  
  187  9:27  SCV x2  
  187  9:30  Marauder  
  195  9:32  Barracks Reactor, Barracks Tech Lab  
  195  9:33  Barracks Tech Lab  
  195  9:35  Barracks  
  195  9:36  Marauder  
  195  9:37  Marine x2  
  199  9:50  Terran Infantry Armor Level 1  
  199  9:51  Terran Vehicle And Ship Armor Level 1  
  199  9:58  Marauder  
  175  10:16  Marauder x4  
  136  10:23  Ghost x2  
  136  10:24  Marine x2  
  136  10:25  SCV x2  
  116  10:30  Medivac  
  116  10:35  Planetary Fortress  
  115  10:37  SCV x2, Marauder x2  
  121  10:43  Ghost x2  
  121  10:44  Marine x3  
  121  10:45  Barracks Reactor  
  121  10:46  SCV  
  121  10:49  SCV x2  
  130  10:51  Widow Mine  
  130  10:52  Marauder, Marine x3  
  130  10:53  Marauder  
  139  10:58  Ghost  
  139  10:59  Marauder  
  144  11:07  Marine x2  
  145  11:12  Marauder x2  
  145  11:13  Ghost x2  
  145  11:14  SCV  
  145  11:16  Marine x2  
  156  11:19  Ghost, Barracks Reactor  
  156  11:22  Widow Mine  
  156  11:25  Marine  
  160  11:27  Marauder, Marine x3  
  166  11:33  Ghost  
  166  11:34  Marauder, Marine  
  171  11:40  Terran Infantry Weapons Level 3  
  171  11:41  SCV x3  
  171  11:42  SCV, Marauder  
  171  11:45  Refinery  
  171  11:46  Refinery  
  177  11:48  Ghost  
  177  11:50  Marine x4  
  183  11:55  Ghost  
  183  11:57  Marauder, Marine x5  
  192  12:01  Marine  
  193  12:09  Widow Mine, Ghost  
  193  12:10  Marine x3  
  193  12:14  Command Center  
  165  12:36  Marauder x2  
  130  12:42  Marauder  
  130  12:43  Marine  
  130  12:44  Marauder x2, Marine  
  114  12:46  Medivac x2  
  107  12:52  Marauder, Marine x4  
  107  12:57  Marauder x2, Marine x2  
  113  12:58  Widow Mine  
  113  13:01  Marine x2  
  113  13:03  Marauder  
  113  13:05  Marauder x2  
  121  13:09  Marine  
  121  13:10  SCV x2  
  118  13:13  Marauder  
  118  13:16  Medivac x2  
  118  13:19  Marauder x2  
  125  13:21  Widow Mine  
  125  13:22  Marine x3  
  125  13:25  Marauder  
  125  13:26  Ghost  
  125  13:27  Marauder  
  128  13:30  Marine  
  128  13:31  Marine  
  128  13:34  Ghost  
  128  13:37  Marine x3  
  128  13:39  SCV x3  
  128  13:40  Marauder x2, Marine  
  141  13:45  Widow Mine, Marine  
  141  13:46  Medivac x2, Marauder, Marine  
  141  13:47  Ghost  
  153  13:48  Marine x2  
  153  13:50  Terran Infantry Armor Level 2  
  153  13:54  Ghost  
  153  13:55  Marine  
  158  13:56  Marine x2  
  158  14:01  Ghost, Marauder  
  164  14:03  Marauder  
  164  14:06  Ghost  
  164  14:07  Widow Mine  
  170  14:10  Marine x3  
  170  14:11  Marine  
  170  14:16  Ghost  
  170  14:17  Planetary Fortress  
  176  14:22  Ghost  
  176  14:23  Marauder  
  180  14:24  Ghost  
  180  14:26  Marine x3  
  180  14:30  Marauder  
  187  14:34  Widow Mine, Marine x3  
  187  14:35  Marine x2  
  187  14:36  Marauder  
  196  14:44  Ghost  
  196  14:45  Marauder  
  200  14:51  Terran Vehicle And Ship Armor Level 2  
  200  15:04  Refinery  
  200  15:07  Refinery  
  200  15:11  Command Center  
  200  15:15  Sensor Tower  
  200  15:17  Sensor Tower  
  200  15:25  Sensor Tower  
  122  15:45  Marauder x2  
  97  15:50  Widow Mine  
  97  15:52  Marauder x3, Marine x3  
  96  15:59  Marauder  
  89  16:05  Marine x2  
  89  16:06  Marauder x2  
  89  16:09  Marine  
  93  16:11  SCV x2  
  93  16:12  SCV  
  93  16:13  Orbital Command, Marauder  
  93  16:14  Marauder x2  
  101  16:23  SCV  
  101  16:24  SCV  
  99  16:30  Ghost x3  
  99  16:31  Marine x3  
  99  16:32  Marine x3  
  105  16:33  Widow Mine  
  105  16:34  Medivac x2, Ghost  
  105  16:35  Marauder x2  
  111  16:41  Marine  
  112  16:48  Marine  
  112  16:51  SCV x2  
  112  16:53  SCV  
  118  16:54  Widow Mine  
  118  16:56  Ghost, SCV, Marauder  
  118  16:58  Refinery  
  118  16:59  Marauder x3  
  129  17:02  Marine  
  129  17:03  Marauder  
  129  17:04  Medivac x2  
  136  17:18  Marauder  
  136  17:20  Ghost x3  
  144  17:24  Ghost x2  
  144  17:26  Widow Mine  
  150  17:31  Marine x2  
  150  17:33  Marine x2  
  154  17:38  Ghost  
  154  17:41  Marine x2  
  154  17:44  Terran Infantry Armor Level 3  
  158  17:48  Ghost  
  158  17:49  Ghost, Marine x3  
  158  17:50  Marauder  
  167  17:53  Ghost, Marauder  
  167  17:55  Medivac x2  
  175  18:04  Marine  
  175  18:05  Marine x3  
  179  18:07  SCV  
  179  18:08  Marauder, SCV x3  
  179  18:11  Marauder, Planetary Fortress  
  187  18:15  Marauder  
  187  18:17  Ghost  
  187  18:18  Marauder  
  187  18:19  SCV  
  152  18:31  Marauder x2, Marine  
  152  18:32  Marauder  
  159  18:37  Marauder  
  159  18:39  Marauder  
  163  18:41  SCV  
  163  18:42  SCV x2  
  163  18:44  Widow Mine  
  163  18:46  Ghost  
  170  18:50  Sensor Tower  
  170  18:52  Medivac x2, Ghost  
  176  19:03  Marine  
  176  19:04  Marauder x3, Marine  
  176  19:05  Widow Mine  
  186  19:12  Command Center  
  186  19:15  Marauder x2  
  157  19:32  Marauder x2, Marine  
  157  19:33  Medivac x2  
  161  19:42  Ghost  
  161  19:43  Ghost  
  165  19:51  SCV  
  165  19:52  SCV x3  
  169  19:57  Ghost  
  171  20:02  Medivac  
  171  20:04  SCV x3  
  171  20:06  Ghost x2  
  180  20:31  Ghost x4, Command Center  
  180  20:33  Widow Mine  
  190  20:38  Refinery  
  190  20:39  Refinery  
  190  20:58  Ghost  
  190  20:59  Ghost  
  156  21:15  Marauder  
  156  21:16  Marauder x3, Marine x4  
  156  21:17  Marine  
  167  21:19  Planetary Fortress  
  167  21:23  Medivac x2  
  171  21:28  Marauder x2  
  171  21:30  Widow Mine, Marine  
  178  21:36  Sensor Tower, Ghost x2  
  178  21:37  Marauder x2  
  186  21:49  Marauder  
  161  21:59  Marauder  
  108  22:09  Marauder x4  
Tags
 
Add a new tag
Caveats
  • Supply blocks, unpowered buildings, or Contaminate may cause inaccurate times.
  • Supply counts are checked every 10 seconds.